 Dungeon Crawl Stone Soup version 0.29-a0-468-ge57f7f99b4 (webtiles) character file.

Game seed: 10426789652159597527

2365 spaghetti the Grappler (level 9, -9/100 HPs)
             Began as an Ogre Berserker on May 22, 2022.
             Was a Priest of Trog.
             Mangled by a gnoll
             ... wielding a +0 halberd
             ... led by a gnoll shaman
              (10 damage)
             ... on level 7 of the Dungeon.
             The game lasted 00:11:26 (7335 turns).

spaghetti the Grappler (Ogre Berserker)             Turns: 7335, Time: 00:11:26

Health: -9/100     AC:  5    Str: 27    XL:     9   Next: 44%
Magic:  9/9        EV: 14    Int:  8    God:    Trog [***...]
Gold:   279        SH:  0    Dex:  8    Spells: 8/8 levels left

rFire   . . .      SeeInvis .     - Unarmed
rCold   . . .      Faith    .   (no shield)
rNeg    . . .      Spirit   .   C - +2 robe {Will+}
rPois   .          Reflect  .   (helmet restricted)
rElec   .          Harm     .   (no cloak)
rCorr   .          Rampage  .   (gloves unavailable)
Will    +....                   (boots unavailable)
Stlth   +.........              (no amulet)
HPRegen 0.26/turn               u - +4 ring of slaying
MPRegen 0.11/turn               D - +4 ring of evasion

@: no status effects
A: large, unfitting armour, tough skin 1
a: Renounce Religion, Berserk, Trog's Hand


You were on level 7 of the Dungeon.
You worshipped Trog.
Trog was most pleased with you.
You visited 1 branch of the dungeon, and saw 7 of its levels.

You collected 279 gold pieces.


Innate Abilities, Weirdness & Mutations

You are too large for most types of armour.
You have tough skin. (AC +1)


   Skills:
 + Level 9.4 Fighting
 - Level 2.6 Dodging
 + Level 10.1 Unarmed Combat


You had 8 spell levels left.
You didn't know any spells.
Your spell library contained the following spells:

 Spells                   Type           Power      Damage    Failure   Level
 Call Canine Familiar     Summ           0%         N/A       78%         3
 Portal Projectile        Hex/Tloc       0%         N/A       78%         3
 Leda's Liquefaction      Hex/Erth       0%         N/A       99%         4

Inventory:

Hand Weapons
 a - the +10 fustibalus of Entrepreneurial Spirit {flame, rC+, sling}
   (You acquired it on level 3 of the Dungeon)

   Any ammunition fired from it burns those it strikes, dealing additional fire
   damage.
   rC:        It protects you from cold.
 f - a +0 war axe {axe}
   (You found it on level 1 of the Dungeon)
 g - a +1 hunting sling {sling}
   (You found it on level 1 of the Dungeon)
 h - a +0 mace {mace}
   (You found it on level 1 of the Dungeon)
Missiles
 b - 8 boomerangs {throwing}
 i - 41 stones (quivered) {throwing}
 m - 9 poisoned darts {throwing}
 z - 6 silver javelins {throwing}
Armour
 q - a +0 animal skin
 C - a +2 robe of willpower (worn)
   (You took it off Dowan on level 7 of the Dungeon)
Magical Staves
 c - a staff of death {forbidden!astaff}
   (You found it on level 1 of the Dungeon)
Jewellery
 d - a +6 ring of intelligence
   (You found it on level 1 of the Dungeon)
 u - a +4 ring of slaying (left hand)
   (You found it on level 3 of the Dungeon)
 w - a +6 ring of intelligence
   (You found it on level 3 of the Dungeon)
 D - a +4 ring of evasion (right hand)
   (You found it on level 4 of the Dungeon)
Wands
 k - a wand of charming (4)
   (You found it on level 5 of the Dungeon)
 r - a wand of iceblast (3)
   (You found it on level 6 of the Dungeon)
 y - a wand of flame (11)
   (You found it on level 3 of the Dungeon)
 H - a wand of mindburst (12)
   (You found it on level 7 of the Dungeon)
Scrolls
 e - 2 scrolls of vulnerability {!r!r}
 o - 2 scrolls of enchant armour
 p - 9 scrolls of teleportation {@r4}
 t - 2 scrolls of fog
 x - a scroll of amnesia
 G - a scroll of blinking {!r}
Potions
 j - a potion of curing {unknown}
 l - a potion of ambrosia
 n - a potion of heal wounds {@q2}
 s - a potion of attraction {!q}
 v - 2 potions of lignification {!q}
 A - a potion of berserk rage {unknown}
 B - a potion of cancellation {unknown}
 E - a potion of flight {unknown}
 F - a potion of might

Dungeon Overview and Level Annotations

Branches:
Dungeon (7/15)             Temple (0/1) D:6

Altars:
Elyvilon
Fedhas
Gozag
Kikubaaqudgha
Nemelex Xobeh
Ru
Xom
Zin

+##+##'##'##'.#
#..#.....#..#.#
#..#+###'#..#.###
#..#.....#..#....
+..+.._..+..'....
#..#.....#..##... #
#..#'###+#..#####
###..###..#.....#..#.###
......g@##'##+##'##'....
.....gg#.....#.....#....
.......#.....#.....#....
.....#
.......###+##'##'###....
.....#
##########....##.###'###
.....#
#..............##........
.....#
#.............)####......
.....# #...........)..#
#...... .....#
#..............# #......


You could see a gnoll shaman and 2 gnolls.


Message History

An orc comes into view. It is wielding a +0 short sword.
You hit the orc wizard.
The orc wizard points at you and mumbles some strange words.
The magic dart hits you! 😕 HP[-7]
You take 7 damage, and now have 81/98 hp.
You punch the orc wizard!
You kill the orc wizard!
Trog accepts your kill.
Trog appreciates your killing of a magic user.
The orc priest begins to cast a cantrip, but forgets the words!
You punch the gnoll!
You kill the gnoll!
Trog accepts your kill.
You pummel the orc priest!!
You kill the orc priest!
Trog accepts your kill. 😕 HP[+2]
You now have 100 max hp (+2).
You regained 2 hp, and now have 83/100 hp.
The orc barely misses you.
There is an open door, spattered with blood here.
Items here: ))) [[ †††.
You closely miss the orc. You punch the orc!
You kill the orc!
Trog accepts your kill. The orc barely misses you.
You barely miss the orc. The orc hits you with a +0 club.
The gnoll closely misses you. 😕 HP[-3]
You take 3 damage, and now have 80/100 hp.
You hit the gnoll. The orc hits you with a +0 club.
The gnoll closely misses you. The gnoll barely misses you. 😕 HP[-2]
You take 2 damage, and now have 78/100 hp.
You hit the gnoll. The orc hits you with a +0 club.
The gnoll barely misses you. The gnoll misses you. 😮 HP[-4]
You take 4 damage, and now have 74/100 hp.
You hit the gnoll. The orc hits you with a +0 club.
The gnoll barely misses you.
The gnoll hits you from afar with a +0 halberd! 😮 HP[-14]
You take 14 damage, and now have 60/100 hp.
You pummel the gnoll!!
You kill the gnoll!
Trog accepts your kill.
You hit the orc. The orc barely misses you. The gnoll barely misses you.
The gnoll shaman calls upon its god to speed up the gnoll.
The gnoll seems to speed up. 😮 HP[+1] Unknown command.
You closely miss the orc. The orc hits you with a +0 club.
The gnoll barely misses you. 😮 HP[-2]
You take 2 damage, and now have 59/100 hp.
You hit the orc.
You kill the orc!
Trog accepts your kill. The gnoll misses you.
The gnoll shaman closely misses you.
You pummel the gnoll shaman!! The gnoll hits you with a +0 club.
The gnoll shaman barely misses you.
The gnoll hits you from afar with a +0 halberd!
* * * LOW HITPOINT WARNING * * *
😨 HP[-14]
You take 14 damage, and now have 45/100 hp.
You barely miss the gnoll shaman. You punch the gnoll shaman.
The gnoll hits you with a +0 club.
* * * LOW HITPOINT WARNING * * *
😨 HP[-5]
You take 5 damage, and now have 40/100 hp.
The gnoll hits you with a +0 club.
* * * LOW HITPOINT WARNING * * *
The gnoll shaman hits you but does no damage.
The gnoll hits you from afar with a +0 halberd.
* * * LOW HITPOINT WARNING * * *
The gnoll hits you with a +0 club.
* * * LOW HITPOINT WARNING * * *
😨 HP[-9]
You take 9 damage, and now have 31/100 hp.
The gnoll shaman closely misses you. The gnoll closely misses you.
The gnoll hits you with a +0 club!
* * * LOW HITPOINT WARNING * * *
😱 HP[-7]
You take 7 damage, and now have 24/100 hp.
Unknown command.
The gnoll hits you with a +0 club.
* * * LOW HITPOINT WARNING * * *
The gnoll shaman calls down the wrath of its god upon you.
You resist with almost no effort.
The gnoll hits you from afar with a +0 halberd!
* * * LOW HITPOINT WARNING * * *
The gnoll hits you with a +0 club.
* * * LOW HITPOINT WARNING * * *
😱 HP[-15]
You take 15 damage, and now have 9/100 hp.
The gnoll shaman hits you with a +0 club!
* * * LOW HITPOINT WARNING * * *
The gnoll hits you from afar with a +0 halberd!
You die...

Skill      XL: |  1  2  3  4  5  6  7  8  9 |
---------------+----------------------------+-----
Unarmed Combat | 3 4 5 6 7 8 9 10 | 10.1
Fighting       | 7 9 |  9.4
Dodging        | |  2.6

Action                   |  1- 3 |  4- 6 |  7- 9 || total
-------------------------+-------+-------+-------++-------
Melee: Unarmed           |   114 |    17 |   152 ||   283
       Punch             |     4 |     2 |     7 ||    13
       Club              |       |    10 |       ||    10
 Fire: Fustibalus        |     5 |    56 |    52 ||   113
Throw: Stone             |     8 |       |    23 ||    31
       Dart              |     3 |       |       ||     3
Invok: Berserk           |       |     1 |     7 ||     8
       Trog's Hand       |       |       |     2 ||     2
  Use: Scroll            |     3 |     4 |     6 ||    13
       Potion            |       |       |     8 ||     8
 Stab: Sleeping          |     1 |       |       ||     1
Armor: Animal skin       |    34 |    13 |    21 ||    68
       Skin              |       |       |     2 ||     2
       Robe              |       |       |     2 ||     2
Dodge: Dodged            |    50 |    31 |   146 ||   227

Levels and vault maps discovered:
D:1:      spicycebolla_arrival_xxxplode, layout_basic,
          hellmonk_ecumenical_altar_arch_garden, grunt_decor_fettered
D:2:      layout_basic
D:3:      layout_basic, st_stairs_10, nrook_uturn
D:4:      layout_cave_pools, chequers_temple_overflow_statue_of_worship
D:5:      layout_rooms, nicolae_kikubaaqudgha_miasma_corner,
          grunt_gozag_breadcrumbs, mainiacjoe_overflow_chevrons
D:6:      layout_gridville, kennysheep_mini,
          minmay_temple_entry_statues_pillars, uniq_menkaure
D:7:      layout_gridville, mainiacjoe_overflow_24_doors,
          minmay_gold_behind_fungi, minmay_fountain_box,
          minmay_misc_feat_encased, uniq_crazy_yiuf_cottage, uniq_duvessa,
          uniq_prince_ribbit1

Notes
Turn   | Place    | Note
-------+----------+-------------------------------------------
     0 | D:1      | spaghetti the Ogre Berserker began the quest for the Orb.
     0 | D:1      | Reached XP level 1. HP: 24/24 MP: 1/1
     0 | D:1      | magus.rc [v1.9.6]
    51 | D:1      | Found a faded altar of an unknown god.
   133 | D:1      | Reached skill level 3 in Unarmed Combat
   308 | D:1      | Reached XP level 2. HP: 31/32 MP: 2/2
  1092 | D:2      | Reached XP level 3. HP: 27/39 MP: 3/3
  1255 | D:2      | HP: 9/39 [poisoned by an adder]
  1533 | D:2      | Reached skill level 4 in Unarmed Combat
  1538 | D:2      | Reached ** piety under Trog
  2074 | D:3      | Identified a scroll of acquirement
  2074 | D:3      | Acquired the +10 fustibalus of Entrepreneurial Spirit
                  | {flame, rC+}
  2171 | D:3      | Reached XP level 4. HP: 48/48 MP: 4/4
  2920 | D:4      | Found a shimmering altar of Xom.
  2921 | D:4      | Found a sacrificial altar of Ru.
  2921 | D:4      | Found a blossoming altar of Fedhas.
  2928 | D:4      | Reached skill level 5 in Unarmed Combat
  2928 | D:4      | Reached XP level 5. HP: 54/54 MP: 5/5
  2980 | D:4      | You pick up a book of the Hunter {forbidden} and begin
                  | reading...
  2980 | D:4      | You add the spells Call Canine Familiar, Portal Projectile
                  | and Leda's Liquefaction to your library.
  3094 | D:4      | Reached *** piety under Trog
  3369 | D:5      | Entered Level 5 of the Dungeon
  3393 | D:5      | Found an opulent altar of Gozag.
  3426 | D:5      | Noticed an ogre
  3434 | D:5      | Killed an ogre
  3435 | D:5      | Reached skill level 6 in Unarmed Combat
  3435 | D:5      | Reached XP level 6. HP: 57/62 MP: 6/6
  3496 | D:5      | Reached skill level 7 in Unarmed Combat
  3496 | D:5      | Reached XP level 7. HP: 31/67 MP: 7/7
  3792 | D:5      | Found a sparkling altar of Nemelex Xobeh.
  4001 | D:5      | Found an ancient bone altar of Kikubaaqudgha.
  4048 | D:5      | Reached skill level 8 in Unarmed Combat
  4050 | D:5      | HP: 15/70 [gnoll/+0 spear[a gnoll sergeant] (10)]
  4050 | D:5      | HP: 6/70 [gnoll/+0 flail[a gnoll sergeant] (9)]
  4760 | D:6      | Noticed Menkaure
  4768 | D:6      | Killed Menkaure
  4769 | D:6      | Reached XP level 8. HP: 42/79 MP: 8/8
  4974 | D:6      | Reached skill level 5 in Fighting
  5227 | D:6      | Reached skill level 6 in Fighting
  5415 | D:6      | HP: 28/124 [steam dragon] (4)]
  5718 | D:6      | Found a glowing silver altar of Zin.
  5794 | D:6      | Found a staircase to the Ecumenical Temple.
  5805 | D:6      | Reached skill level 9 in Unarmed Combat
  6067 | D:6      | Reached skill level 7 in Fighting
  6603 | D:7      | HP: 24/130 [orc warrior/+0 glaive (26)]
  6658 | D:7      | HP: 14/88 [killer bee (9)]
  6664 | D:7      | Reached XP level 9. HP: 44/96 MP: 9/9
  6666 | D:7      | Reached skill level 8 in Fighting
  6667 | D:7      | HP: 36/144 [poisoned by a killer bee]
  6672 | D:7      | HP: 24/96 [poisoned by a killer bee]
  6924 | D:7      | Noticed Prince Ribbit
  6931 | D:7      | Killed Prince Ribbit
  7032 | D:7      | Noticed Duvessa
  7032 | D:7      | Noticed Dowan
  7046 | D:7      | Killed Duvessa
  7047 | D:7      | Killed Dowan
  7048 | D:7      | Reached skill level 9 in Fighting
  7232 | D:7      | Reached skill level 10 in Unarmed Combat
  7297 | D:7      | Found a white marble altar of Elyvilon.
  7333 | D:7      | HP: 24/100 [gnoll/+0 club[a gnoll shaman] (7)]
  7334 | D:7      | HP: 9/100 [gnoll/+0 club[a gnoll shaman] (3)]
  7335 | D:7      | HP: 1/100 [gnoll shaman/+0 club (9)]
  7335 | D:7      | Mangled by a gnoll

Vanquished Creatures
  Prince Ribbit (D:7)
  2 steam dragons (D:6)
  Menkaure (D:6)
  Duvessa (D:7)
  An orc warrior (D:7)
  2 ogres
  A bullfrog (D:6)
  A gnoll sergeant (D:5)
  3 scorpions (D:6)
  6 wights
  Dowan (D:7)
  3 killer bees (D:7)
  6 hounds
  2 orc priests
  An iguana (D:4)
  3 orc wizards
  7 gnolls
  13 adders
  A shadow imp (D:7)
  3 dart slugs
  22 orcs
  5 ball pythons
  4 bats
  4 endoplasms
  2 giant cockroaches (D:1)
  6 hobgoblins
  3 jackals (D:2)
  5 kobolds
  3 quokkas
  2 frilled lizards
  9 goblins
  8 rats
132 creatures vanquished.

Vanquished Creatures (others)
  5 toadstools (D:7)
5 creatures vanquished.

Grand Total: 137 creatures vanquished

Table legend:
 A = Non-vault XP
 B = Vault XP
 C = Vault XP percentage of total XP
 D = Non-vault monster count
 E = Vault monster count
 F = Vault count percentage of total count
                 A         B        C        D         E       F
            +---------+---------+-------+---------+---------+-------
      Total |    2706 |     673 |  19.9 |     125 |       7 |   5.3
            +---------+---------+-------+---------+---------+-------
        D:1 |      29 |       0 |   0.0 |      18 |       0 |   0.0
        D:2 |      45 |       0 |   0.0 |      18 |       0 |   0.0
        D:3 |      57 |      17 |  23.0 |      12 |       3 |  20.0
        D:4 |     135 |       0 |   0.0 |      19 |       0 |   0.0
        D:5 |     812 |       0 |   0.0 |      27 |       0 |   0.0
        D:6 |     874 |     172 |  16.4 |      13 |       1 |   7.1
        D:7 |     754 |     484 |  39.1 |      18 |       3 |  14.3
            +---------+---------+-------+---------+---------+-------

Illustrated notes

Table legend:
 A = Kills in this place as a percentage of kills in entire the game.
 B = Kills by you in this place as a percentage of kills by you in the entire game.
 C = Kills by friends in this place as a percentage of kills by friends in the entire game.
 D = Other kills in this place as a percentage of other kills in the entire game.
 E = Experience gained in this place as a percentage of experience gained in the entire game.
 F = Experience gained in this place divided by the number of levels of this place that you have seen.
                   A       B       C       D       E      F
               +-------+-------+-------+-------+-------+----------------------
         Total | 100.0 | 100.0 |   N/A |   N/A | 100.0 | 482.7
       Dungeon | 100.0 | 100.0 |   N/A |   N/A | 100.0 | 482.7
               +-------+-------+-------+-------+-------+----------------------

Table legend: (Time is in decaauts)
 A = Elapsed time spent in this place.
 B = Non-inter-level travel time spent in this place.
 C = Inter-level travel time spent in this place.
 D = Time resting spent in this place.
 E = Time spent auto-exploring this place.
 F = Levels seen in this place.
 G = Mean time per level.
                   A        B        C        D        E       F      G
               +--------+--------+--------+--------+--------+-----+--------+
         Total |   7416 |   7271 |    145 |    658 |   5684 |   7 | 1059.4 |
       Dungeon |   7416 |   7271 |    145 |    658 |   5684 |   7 | 1059.4 |
               +--------+--------+--------+--------+--------+-----+--------+

Top non-repeatable levels by time:
     D:6: 1837 daAuts
     D:5: 1208 daAuts
     D:2: 1025 daAuts
     D:1: 1022 daAuts
     D:3: 871 daAuts
     D:7: 782 daAuts
     D:4: 669 daAuts
